Carnivores vs Tamiflu
Created - June 13, 2017 at 19:25
Goals
|
Carnivores |
1 |
3 |
0 |
4 |
Tamiflu |
2 |
2 |
2 |
6 |
|
Shots
|
Carnivores |
8 |
18 |
11 |
37 |
Tamiflu |
7 |
11 |
7 |
25 |
|
1st period
1. Tamiflu , Rich Clune 4 (Nathan Oystrick 5) at 15:21
2. Carnivores , Steve Begin 9 (Jeremy Williams 9, Vernon Fiddler 8) at 16:13
3. Tamiflu , Greg Mauldin 9 (Robert Dome 13, Petr Pohl 11) at 17:17 (PP)
Penalties :
Zack Smith (Bre) for Roughing (Minor) at 4:07, Steve Begin (Bre) for Interference (Minor) at 17:00
2nd period
4. Carnivores , Colton Orr 3 (Mikael Granlund 4) at 3:02
5. Tamiflu , Jamie Arniel 4 (Robert Dome 14, Jordan Hendry 12) at 4:52 (PP)
6. Tamiflu , Jan Mursak 4 (Adam Larsson 6) at 6:45
7. Carnivores , Jeremy Williams 6 (Vernon Fiddler 9) at 14:14
8. Carnivores , Brendan Gallagher 5 (Frederic St-Denis 3) at 17:04
Penalties :
Steve Begin (Bre) for Roughing (Minor) at 3:08, Petr Pohl (Det) for Boarding (Minor) at 17:47, Sasha Pokulok (Bre) for Hooking (Minor) at 19:06
3rd period
9. Tamiflu , Petr Pohl 10 (Robert Dome 15, Greg Mauldin 11) at 0:08 (PP)
10. Tamiflu , Jamie Arniel 5 (Petr Pohl 12) at 5:20 (SH)
Penalties :
Mattias Tedenby (Det) for Interference (Minor) at 3:50, Robert Dome (Det) for Cross-checking (Minor) at 13:55, Adam Larsson (Det) for Tripping (Minor) at 18:44
Goalie Stats
Antti Raanta (Bre), 8 saves from 10 shots - (0.800), L, 3-2-0, 33:15 minutes
Erik Ersberg (Bre), 11 saves from 15 shots - (0.733), 26:45 minutes
Thomas Greiss (Det), 33 saves from 37 shots - (0.892), W, 8-2-0, 60:00 minutes
Players Stats for Carnivores
Player Name G A P +/- PIM S H SB GA TA FO MP PP MP PK MP
------------------------------------------------------------------------------------
Anton Gustafsson 0 0 0 -3 0 4 2 0 0 0 5/10 18:06 2:28 0:00
Bobby Sanguinetti 0 0 0 1 0 2 2 2 1 2 0/0 25:43 3:38 2:38
Brendan Gallagher 1 0 1 1 0 3 0 1 1 0 0/1 5:01 0:00 0:00
Chris Lawrence 0 0 0 -3 0 4 2 1 1 2 0/0 18:53 2:47 0:43
Colton Orr 1 0 1 1 0 1 0 0 0 0 0/0 13:09 1:19 0:00
David Schlemko 0 0 0 2 0 1 0 0 0 1 0/0 18:51 2:54 1:44
Frederic St-Denis 0 1 1 2 0 3 0 2 0 0 0/0 18:51 2:54 1:44
Jeremy Welsh 0 0 0 -3 0 3 0 0 0 0 0/0 18:06 2:28 0:00
Jeremy Williams 1 1 2 2 0 4 4 0 0 0 2/2 20:20 3:42 0:43
Josh Manson 0 0 0 0 0 0 0 0 0 0 0/0 5:07 0:00 0:00
Lane MacDermid 0 0 0 1 0 0 4 1 0 0 0/0 13:10 0:22 1:00
Mark McNeill 0 0 0 1 0 0 0 0 0 1 1/2 11:30 2:51 0:00
Mat Clark 0 0 0 -2 0 0 1 1 0 0 0/0 10:42 0:00 0:09
Mattias Backman 0 0 0 0 0 0 0 0 0 0 0/0 4:53 0:00 0:00
Mikael Granlund 0 1 1 2 0 2 1 1 1 0 6/9 14:00 0:00 1:54
Nate Schmidt 0 0 0 -2 0 1 0 1 0 0 0/0 11:16 0:00 0:03
Sasha Pokulok 0 0 0 1 2 3 2 0 0 0 0/0 24:50 3:37 2:26
Steve Begin 1 0 1 1 4 3 0 1 1 0 0/1 9:50 0:00 1:16
Vernon Fiddler 0 2 2 2 0 3 4 2 2 2 28/44 27:26 3:39 3:08
Zack Smith 0 0 0 1 2 0 0 0 0 0 0/0 5:10 0:00 0:00
Players Stats for Tamiflu
Player Name G A P +/- PIM S H SB GA TA FO MP PP MP PK MP
------------------------------------------------------------------------------------
Adam Larsson 0 1 1 -1 2 0 1 0 0 1 0/0 15:37 0:13 2:35
Casey Wellman 0 0 0 1 0 1 0 0 0 0 0/1 6:27 0:00 0:00
Colin Greening 0 0 0 -1 0 0 0 0 0 0 1/4 11:34 0:00 1:05
Garrett Wilson 0 0 0 1 0 1 2 0 0 0 0/0 7:13 0:00 0:46
Greg Mauldin 1 1 2 -2 0 3 3 0 2 0 13/37 20:28 2:57 0:00
Jamie Arniel 2 0 2 1 0 4 3 0 0 0 8/15 17:20 1:25 1:37
Jan Mursak 1 0 1 -1 0 4 2 0 1 0 3/7 14:41 0:00 4:09
Jordan Hendry 0 1 1 -2 0 3 0 0 0 0 0/0 27:09 2:45 2:55
Justin Braun 0 0 0 -1 0 0 0 1 0 0 0/0 13:07 0:00 0:16
Lucas Lessio 0 0 0 -1 0 0 0 0 0 0 1/1 10:59 0:00 0:00
Mattias Tedenby 0 0 0 0 2 1 1 0 1 0 0/0 16:01 1:25 0:00
Nathan Oystrick 0 1 1 2 0 0 1 3 0 2 0/0 19:44 1:37 3:21
Nino Niederreiter 0 0 0 -2 0 0 3 0 2 3 0/0 22:23 1:25 4:09
Petr Pohl 1 2 3 1 2 3 3 0 2 0 1/1 18:34 2:57 1:18
Philip Samuelsson 0 0 0 -2 0 0 2 4 0 0 0/0 27:09 2:45 2:55
Rich Clune 1 0 1 1 0 3 0 0 0 0 0/0 6:27 0:00 0:00
Robert Dome 0 3 3 -2 2 2 1 0 0 1 0/3 20:31 2:57 0:00
Stefan Elliott 0 0 0 2 0 0 0 1 0 0 0/0 17:20 1:24 1:02
3 Stars
1 - Jamie Arniel (Det)
2 - Jeremy Williams (Bre)
3 - Petr Pohl (Det)
Power Play
Carnivores - 0 on 4 Attempt(s) - 0.00%
Tamiflu - 3 on 4 Attempt(s) - 75.00%
Penalty Kill
Carnivores - 1 on 4 Attempt(s) - 25.00%
- Score 0 goal in Penalty Kill
Tamiflu - 4 on 4 Attempt(s) - 100.00%
- Score 1 goal in Penalty Kill
Team Stat
Carnivores - Hits : 22 - Faceoff Wins : 42 - Blocked Shots : 13 - Penalty Minutes : 8
Tamiflu - Hits : 22 - Faceoff Wins : 27 - Blocked Shots : 9 - Penalty Minutes : 8
Official
Referees : Meier Brad and Kimmerly Greg
Linesman : Shane Heyer and Thor Nelson
Game Notes
Antti Raanta enters game at 6:45 of 2nd period
Steve Begin is injured at 11:13 of 2nd period (Back Spasms)
Finance
Level 1 -- Attendance: 2000 (100.00%) -- Ticket Income $56,000
Level 2 -- Attendance: 1000 (100.00%) -- Ticket Income $13,000
Total Attendance: 3000 (100.00%)
Total Ticket Income: $69,000
Other Income: $3,450
Total Income: $72,450
Carnivores
5 vs 5 Forward
Center Left Wing Right Wing Time % Phy DF OF
1 Vernon Fiddler Steve Begin Jeremy Williams 40 1 2 2
2 Anton Gustafsson Jeremy Welsh Chris Lawrence 30 1 2 2
3 Mikael Granlund Lane MacDermid Colton Orr 20 1 2 2
4 Zack Smith Vernon Fiddler Brendan Gallagher 10 1 2 2
5 vs 5 Defense
Defense Defense Time % Phy DF OF
1 Sasha Pokulok Bobby Sanguinetti 40 1 2 2
2 Frederic St-Denis David Schlemko 30 1 2 2
3 Nate Schmidt Mat Clark 20 1 2 2
4 Josh Manson Mattias Backman 10 1 2 2
PowerPlay Forward
Center Left Wing Right Wing Time % Phy DF OF
1 Vernon Fiddler Steve Begin Jeremy Williams 60 1 2 2
2 Anton Gustafsson Jeremy Welsh Chris Lawrence 40 1 2 2
PowerPlay Defense
Defense Defense Time % Phy DF OF
1 Sasha Pokulok Bobby Sanguinetti 60 1 2 2
2 Frederic St-Denis David Schlemko 40 1 2 2
Penalty Kill 4 Players Forward
Center Wing Time % Phy DF OF
1 Vernon Fiddler Steve Begin 60 1 2 2
2 Jeremy Williams Chris Lawrence 40 1 2 2
Penalty Kill 4 Players Defense
Defense Defense Time % Phy DF OF
1 Sasha Pokulok Bobby Sanguinetti 60 1 2 2
2 Frederic St-Denis David Schlemko 40 1 2 2
Penalty Kill - 3 Players Forward
Forward Time % Phy DF OF
1 Vernon Fiddler 60 1 2 2
2 Steve Begin 40 1 2 2
Penalty Kill - 3 Players Defense
Defense Defense Time % Phy DF OF
1 Sasha Pokulok Bobby Sanguinetti 60 1 2 2
2 Frederic St-Denis David Schlemko 40 1 2 2
4 vs 4 Forward
Center Wing Time % Phy DF OF
1 Vernon Fiddler Steve Begin 60 1 2 2
2 Jeremy Williams Chris Lawrence 40 1 2 2
4 vs 4 Defense
Defense Defense Time % Phy DF OF
1 Sasha Pokulok Bobby Sanguinetti 60 1 2 2
2 Frederic St-Denis David Schlemko 40 1 2 2
Last Minutes Offensive
Center Left Wing Right Wing Defense Defense
Vernon Fiddler Steve Begin Jeremy Williams Sasha Pokulok Bobby Sanguinetti
Last Minutes Defensive
Center Left Wing Right Wing Defense Defense
Vernon Fiddler Steve Begin Jeremy Williams Sasha Pokulok Bobby Sanguinetti
Goaltenders
Starting : Erik Ersberg
Backup : Antti Raanta
Extra Forwards
Normal : Mark McNeill, Colton Orr, Mikael Granlund - PP : Mark McNeill, Colton Orr - PK : Mikael Granlund
Extra Defensemen
Normal : Nate Schmidt, Mat Clark, Josh Manson - PP : Nate Schmidt - PK : Mat Clark, Josh Manson
Penalty Shots
Vernon Fiddler, Steve Begin, Jeremy Williams, Chris Lawrence, Colton Orr
Scratches
Chris Butler (Healthy), Adam Almquist (Healthy), Kenneth Agostino (Healthy), Stanislav Galiev (Healthy), Mark MacMillan (Healthy)
Tyler Graovac (Healthy), Patrick McNeill (Healthy), Michael Schumacher (Healthy), Blake Geoffrion (Left Foot Injury), Zach Jones (Healthy)
Christopher DiDomenico (Healthy)
Tamiflu
5 vs 5 Forward
Center Left Wing Right Wing Time % Phy DF OF
1 Greg Mauldin Robert Dome Nino Niederreiter 40 1 2 2
2 Jamie Arniel Mattias Tedenby Petr Pohl 30 1 2 2
3 Colin Greening Jan Mursak Lucas Lessio 20 1 2 2
4 Casey Wellman Rich Clune Garrett Wilson 10 1 2 2
5 vs 5 Defense
Defense Defense Time % Phy DF OF
1 Jordan Hendry Philip Samuelsson 40 1 2 2
2 Nathan Oystrick Stefan Elliott 30 1 2 2
3 Justin Braun Adam Larsson 20 1 2 2
4 Justin Braun Adam Larsson 10 1 2 2
PowerPlay Forward
Center Left Wing Right Wing Time % Phy DF OF
1 Greg Mauldin Robert Dome Petr Pohl 60 1 2 2
2 Jamie Arniel Mattias Tedenby Nino Niederreiter 40 1 2 2
PowerPlay Defense
Defense Defense Time % Phy DF OF
1 Jordan Hendry Philip Samuelsson 60 1 2 2
2 Nathan Oystrick Stefan Elliott 40 1 2 2
Penalty Kill 4 Players Forward
Center Wing Time % Phy DF OF
1 Jan Mursak Nino Niederreiter 60 1 2 2
2 Petr Pohl Jamie Arniel 40 1 2 2
Penalty Kill 4 Players Defense
Defense Defense Time % Phy DF OF
1 Jordan Hendry Philip Samuelsson 60 1 2 2
2 Nathan Oystrick Adam Larsson 40 1 2 2
Penalty Kill - 3 Players Forward
Forward Time % Phy DF OF
1 Nino Niederreiter 60 1 2 2
2 Jamie Arniel 40 1 2 2
Penalty Kill - 3 Players Defense
Defense Defense Time % Phy DF OF
1 Jordan Hendry Philip Samuelsson 60 1 2 2
2 Nathan Oystrick Adam Larsson 40 1 2 2
4 vs 4 Forward
Center Wing Time % Phy DF OF
1 Robert Dome Greg Mauldin 60 1 2 2
2 Petr Pohl Jamie Arniel 40 1 2 2
4 vs 4 Defense
Defense Defense Time % Phy DF OF
1 Jordan Hendry Philip Samuelsson 60 1 2 2
2 Nathan Oystrick Adam Larsson 40 1 2 2
Last Minutes Offensive
Center Left Wing Right Wing Defense Defense
Greg Mauldin Robert Dome Petr Pohl Jordan Hendry Philip Samuelsson
Last Minutes Defensive
Center Left Wing Right Wing Defense Defense
Jamie Arniel Jan Mursak Nino Niederreiter Jordan Hendry Philip Samuelsson
Goaltenders
Starting : Thomas Greiss
Backup : Joe Fallon
Extra Forwards
Normal : Robert Dome, Petr Pohl, Lucas Lessio - PP : Jan Mursak, Lucas Lessio - PK : Jan Mursak
Extra Defensemen
Normal : Philip Samuelsson, Nathan Oystrick, Adam Larsson - PP : Justin Braun - PK : Stefan Elliott, Justin Braun
Penalty Shots
Robert Dome, Greg Mauldin, Petr Pohl, Jamie Arniel, Mattias Tedenby
Scratches
Tanner Kero (Healthy), Greg McKegg (Healthy), Tye McGinn (Healthy), Kyle Lawson (Healthy), Brett Bulmer (Healthy)
Stuart Percy (Healthy), Jerome Gauthier-Leduc (Healthy), Konrad Abeltshauser (Healthy), Phoenix Copley (Healthy), Tyler Beskorowany (Healthy)
% Time on Ice - Carnivores
Lines # - Real PCT - Wanted PCT - Time Play
Normal Forward
1 - 33% - 40% - 15:53
2 - 35% - 30% - 16:43
3 - 22% - 20% - 10:49
4 - 10% - 10% - 5:01
Normal Defense
1 - 39% - 40% - 18:47
2 - 29% - 30% - 14:13
3 - 22% - 20% - 10:33
4 - 10% - 10% - 4:53
PP Forward
1 - 62% - 60% - 4:04
2 - 38% - 40% - 2:28
PP Defense
1 - 56% - 60% - 3:38
2 - 44% - 40% - 2:54
PK Forward
1 - 84% - 60% - 3:39
2 - 16% - 40% - 0:43
PK Defense
1 - 60% - 60% - 2:38
2 - 40% - 40% - 1:44
PK3 Forward
1 - 0% - 60%
2 - 0% - 40%
PK3 Defense
1 - 0% - 60%
2 - 0% - 40%
44 Forward
1 - 100% - 60% - 0:40
2 - 0% - 40% - 0:00
44 Defense
1 - 100% - 60% - 0:40
2 - 0% - 40% - 0:00
Last Minute Offensive - 0:00
Last Minute Defensive - 0:00
Total
Forward - 60:00
Defense - 60:00
|
% Time on Ice - Tamiflu
Lines # - Real PCT - Wanted PCT - Time Play
Normal Forward
1 - 35% - 40% - 16:59
2 - 30% - 30% - 14:36
3 - 21% - 20% - 10:24
4 - 13% - 10% - 6:27
Normal Defense
1 - 43% - 40% - 20:59
2 - 30% - 30% - 14:45
3 - 19% - 20% - 9:03
4 - 8% - 10% - 3:39
PP Forward
1 - 68% - 60% - 2:57
2 - 32% - 40% - 1:25
PP Defense
1 - 63% - 60% - 2:45
2 - 37% - 40% - 1:37
PK Forward
1 - 75% - 60% - 4:55
2 - 25% - 40% - 1:37
PK Defense
1 - 49% - 60% - 3:11
2 - 51% - 40% - 3:21
PK3 Forward
1 - 0% - 60%
2 - 0% - 40%
PK3 Defense
1 - 0% - 60%
2 - 0% - 40%
44 Forward
1 - 100% - 60% - 0:40
2 - 0% - 40% - 0:00
44 Defense
1 - 98% - 60% - 0:39
2 - 3% - 40% - 0:01
Last Minute Offensive - 0:00
Last Minute Defensive - 0:00
Total
Forward - 60:00
Defense - 60:00
|
Play by Play
1st period
0:01 of 1st period - Greg Mauldin wins face-off versus Vernon Fiddler in neutral zone.
0:03 of 1st period - Off-side.
0:04 of 1st period - Greg Mauldin wins face-off versus Vernon Fiddler in neutral zone.
0:06 of 1st period - Off-side.
0:07 of 1st period - Vernon Fiddler wins face-off versus Greg Mauldin in neutral zone.
0:16 of 1st period - Philip Samuelsson is hit by Jeremy Williams and loses puck.
0:29 of 1st period - Sasha Pokulok is hit by Nino Niederreiter and loses puck.
0:37 of 1st period - Off-side.
0:38 of 1st period - Anton Gustafsson wins face-off versus Jamie Arniel in neutral zone.
0:49 of 1st period - Snap shot by Anton Gustafsson.
0:49 of 1st period - Stopped by Thomas Greiss with a rebound.
0:51 of 1st period - Slapshot by Frederic St-Denis.
0:51 of 1st period - Shot Blocked by Nathan Oystrick.
0:53 of 1st period - Snap shot by David Schlemko.
0:53 of 1st period - Shot Misses the Net.
1:05 of 1st period - Colin Greening is hit by Lane MacDermid and loses puck.
1:26 of 1st period - Snap shot by Rich Clune.
1:26 of 1st period - Stopped by Erik Ersberg with a rebound.
1:32 of 1st period - Stefan Elliott is hit by Mat Clark and loses puck.
3:13 of 1st period - Snap shot by Jeremy Welsh.
3:13 of 1st period - Stopped by Thomas Greiss without a rebound.
3:14 of 1st period - Jamie Arniel wins face-off versus Mikael Granlund in Tamiflu zone.
4:07 of 1st period - Minor Penalty to Zack Smith for Roughing.
4:08 of 1st period - Vernon Fiddler wins face-off versus Greg Mauldin in Carnivores zone.
4:39 of 1st period - Wrist shot by Petr Pohl.
4:39 of 1st period - Deflect By Robert Dome.
4:39 of 1st period - Shot Blocked by Bobby Sanguinetti.
4:39 of 1st period - Puck is out of play.
4:40 of 1st period - Vernon Fiddler wins face-off versus Jamie Arniel in Carnivores zone.
4:49 of 1st period - David Schlemko is hit by Nino Niederreiter and loses puck.
6:07 of 1st period - Penalty to Zack Smith is over, Zack Smith is back on ice.
6:39 of 1st period - Wrist shot by Chris Lawrence.
6:39 of 1st period - Shot Misses the Net.
6:41 of 1st period - Snap shot by Anton Gustafsson.
6:41 of 1st period - Stopped by Thomas Greiss without a rebound.
6:42 of 1st period - Mikael Granlund wins face-off versus Casey Wellman in Tamiflu zone.
7:07 of 1st period - Chris Lawrence is hit by Adam Larsson and loses puck.
8:30 of 1st period - Greg Mauldin is hit by Vernon Fiddler and loses puck.
9:13 of 1st period - Wrist shot by Rich Clune.
9:13 of 1st period - Stopped by Erik Ersberg with a rebound.
9:23 of 1st period - Colton Orr is hit by Jamie Arniel and loses puck.
9:58 of 1st period - Backhand shot by Greg Mauldin.
9:58 of 1st period - Shot Misses the Net.
10:14 of 1st period - Snap shot by Mattias Tedenby.
10:14 of 1st period - Stopped by Erik Ersberg with a rebound.
11:00 of 1st period - Garrett Wilson is hit by Chris Lawrence and loses puck.
11:13 of 1st period - Wrist shot by Jan Mursak.
11:13 of 1st period - Shot Blocked by Frederic St-Denis.
11:15 of 1st period - Snap shot by Jan Mursak.
11:15 of 1st period - Stopped by Erik Ersberg without a rebound.
11:16 of 1st period - Mikael Granlund wins face-off versus Colin Greening in Carnivores zone.
11:27 of 1st period - Stefan Elliott is hit by Bobby Sanguinetti and loses puck.
11:36 of 1st period - Slapshot by Nathan Oystrick.
11:36 of 1st period - Shot Misses the Net.
12:33 of 1st period - Snap shot by Chris Lawrence.
12:33 of 1st period - Stopped by Thomas Greiss with a rebound.
13:05 of 1st period - Justin Braun is hit by Lane MacDermid and loses puck.
13:18 of 1st period - Justin Braun is hit by Jeremy Williams and loses puck.
13:31 of 1st period - Garrett Wilson is hit by Chris Lawrence and loses puck.
13:42 of 1st period - Icing by Jeremy Welsh.
13:43 of 1st period - Anton Gustafsson wins face-off versus Greg Mauldin in Carnivores zone.
13:43 of 1st period - Anton Gustafsson is hit by Nino Niederreiter.
14:20 of 1st period - Petr Pohl is hit by Vernon Fiddler and loses puck.
14:46 of 1st period - Snap shot by Petr Pohl.
14:46 of 1st period - Shot Misses the Net.
14:48 of 1st period - Slapshot by Philip Samuelsson.
14:48 of 1st period - Deflect By Jamie Arniel.
14:48 of 1st period - Shot Misses the Net.
14:48 of 1st period - Puck is out of play.
14:49 of 1st period - Vernon Fiddler wins face-off versus Greg Mauldin in Carnivores zone.
15:02 of 1st period - Wrist shot by Greg Mauldin.
15:02 of 1st period - Shot Blocked by Mat Clark.
15:04 of 1st period - Snap shot by Greg Mauldin.
15:04 of 1st period - Shot Blocked by Nate Schmidt.
15:14 of 1st period - Chris Lawrence is hit by Garrett Wilson and loses puck.
15:21 of 1st period - Wrist shot by Rich Clune.
15:21 of 1st period - Deflect By Chris Lawrence.
15:21 of 1st period - Goal by Rich Clune - Carnivores : 0 - Tamiflu : 1.
15:22 of 1st period - Vernon Fiddler wins face-off versus Greg Mauldin in neutral zone.
15:25 of 1st period - Snap shot by Steve Begin.
15:25 of 1st period - Stopped by Thomas Greiss with a rebound.
15:27 of 1st period - Wrist shot by Sasha Pokulok.
15:27 of 1st period - Shot Blocked by Philip Samuelsson.
15:29 of 1st period - Slapshot by Sasha Pokulok.
15:29 of 1st period - Stopped by Thomas Greiss without a rebound.
15:30 of 1st period - Greg Mauldin wins face-off versus Vernon Fiddler in Tamiflu zone.
15:41 of 1st period - Vernon Fiddler is hit by Greg Mauldin and loses puck.
16:03 of 1st period - Wrist shot by Greg Mauldin.
16:03 of 1st period - Stopped by Erik Ersberg with a rebound.
16:13 of 1st period - Slapshot by Steve Begin.
16:13 of 1st period - Goal by Steve Begin - Carnivores : 1 - Tamiflu : 1.
16:14 of 1st period - Anton Gustafsson wins face-off versus Jamie Arniel in neutral zone.
16:46 of 1st period - Slapshot by Jordan Hendry.
16:46 of 1st period - Shot Blocked by Lane MacDermid.
16:57 of 1st period - Icing by Philip Samuelsson.
16:58 of 1st period - Vernon Fiddler wins face-off versus Greg Mauldin in Tamiflu zone.
17:00 of 1st period - Minor Penalty to Steve Begin for Interference.
17:01 of 1st period - Vernon Fiddler wins face-off versus Greg Mauldin in Carnivores zone.
17:15 of 1st period - Snap shot by Greg Mauldin.
17:15 of 1st period - Shot Misses the Net.
17:17 of 1st period - Slapshot by Greg Mauldin.
17:17 of 1st period - Goal by Greg Mauldin - Carnivores : 1 - Tamiflu : 2.
17:18 of 1st period - Vernon Fiddler wins face-off versus Greg Mauldin in neutral zone.
17:23 of 1st period - Nino Niederreiter is hit by Jeremy Williams and loses puck.
18:31 of 1st period - Vernon Fiddler is hit by Garrett Wilson and loses puck.
18:36 of 1st period - Slapshot by Jordan Hendry.
18:36 of 1st period - Shot Blocked by Vernon Fiddler.
18:56 of 1st period - Snap shot by Jeremy Welsh.
18:56 of 1st period - Stopped by Thomas Greiss without a rebound.
18:57 of 1st period - Mikael Granlund wins face-off versus Jamie Arniel in Tamiflu zone.
19:02 of 1st period - Snap shot by Mikael Granlund.
19:02 of 1st period - Shot Misses the Net.
19:08 of 1st period - Snap shot by Colton Orr.
19:08 of 1st period - Shot Misses the Net.
19:58 of 1st period - Off-side.
19:59 of 1st period - Jamie Arniel wins face-off versus Brendan Gallagher in neutral zone.
Goals for this period are 1 for Carnivores vs 2 for Tamiflu.
Shots for this period are 8 for Carnivores vs 7 for Tamiflu.
2nd period
0:01 of 2nd period - Vernon Fiddler wins face-off versus Greg Mauldin in neutral zone.
0:08 of 2nd period - Snap shot by Steve Begin.
0:08 of 2nd period - Stopped by Thomas Greiss without a rebound.
0:09 of 2nd period - Vernon Fiddler wins face-off versus Greg Mauldin in Tamiflu zone.
0:12 of 2nd period - Snap shot by Jeremy Williams.
0:12 of 2nd period - Shot Misses the Net.
0:28 of 2nd period - Wrist shot by Robert Dome.
0:28 of 2nd period - Stopped by Erik Ersberg without a rebound.
0:29 of 2nd period - Jamie Arniel wins face-off versus Anton Gustafsson in Carnivores zone.
0:36 of 2nd period - Snap shot by Chris Lawrence.
0:36 of 2nd period - Stopped by Thomas Greiss with a rebound.
0:38 of 2nd period - Slapshot by Nate Schmidt.
0:38 of 2nd period - Stopped by Thomas Greiss with a rebound.
0:40 of 2nd period - Slapshot by Nate Schmidt.
0:40 of 2nd period - Shot Blocked by Nathan Oystrick.
0:42 of 2nd period - Wrist shot by Jeremy Welsh.
0:42 of 2nd period - Stopped by Thomas Greiss without a rebound.
0:43 of 2nd period - Greg Mauldin wins face-off versus Vernon Fiddler in Tamiflu zone.
0:50 of 2nd period - Vernon Fiddler is hit by Robert Dome and loses puck.
1:09 of 2nd period - Jeremy Welsh is hit by Jamie Arniel and loses puck.
1:14 of 2nd period - Snap shot by Petr Pohl.
1:14 of 2nd period - Shot Misses the Net.
1:16 of 2nd period - Wrist shot by Mattias Tedenby.
1:16 of 2nd period - Shot Misses the Net.
1:18 of 2nd period - Snap shot by Mattias Tedenby.
1:18 of 2nd period - Shot Hit the Post.
2:56 of 2nd period - Icing by Jordan Hendry.
2:57 of 2nd period - Mikael Granlund wins face-off versus Colin Greening in Tamiflu zone.
3:02 of 2nd period - Wrist shot by Colton Orr.
3:02 of 2nd period - Goal by Colton Orr - Carnivores : 2 - Tamiflu : 2.
3:03 of 2nd period - Greg Mauldin wins face-off versus Vernon Fiddler in neutral zone.
3:06 of 2nd period - Wrist shot by Greg Mauldin.
3:06 of 2nd period - Stopped by Erik Ersberg with a rebound.
3:08 of 2nd period - Minor Penalty to Steve Begin for Roughing.
3:09 of 2nd period - Vernon Fiddler wins face-off versus Greg Mauldin in Carnivores zone.
3:14 of 2nd period - Robert Dome is hit by Vernon Fiddler and loses puck.
3:37 of 2nd period - Icing by Jamie Arniel.
3:38 of 2nd period - Jamie Arniel wins face-off versus Vernon Fiddler in Tamiflu zone.
3:49 of 2nd period - Frederic St-Denis is hit by Nathan Oystrick and loses puck.
4:02 of 2nd period - Lane MacDermid is hit by Petr Pohl and loses puck.
4:09 of 2nd period - Wrist shot by Greg Mauldin.
4:09 of 2nd period - Shot Blocked by Frederic St-Denis.
4:11 of 2nd period - Backhand shot by Jordan Hendry.
4:11 of 2nd period - Stopped by Erik Ersberg without a rebound.
4:12 of 2nd period - Greg Mauldin wins face-off versus Vernon Fiddler in Carnivores zone.
4:21 of 2nd period - Wrist shot by Petr Pohl.
4:21 of 2nd period - Stopped by Erik Ersberg without a rebound.
4:22 of 2nd period - Vernon Fiddler wins face-off versus Greg Mauldin in Carnivores zone.
4:22 of 2nd period - Vernon Fiddler is hit by Philip Samuelsson.
4:52 of 2nd period - Wrist shot by Jamie Arniel.
4:52 of 2nd period - Goal by Jamie Arniel - Carnivores : 2 - Tamiflu : 3.
4:53 of 2nd period - Greg Mauldin wins face-off versus Vernon Fiddler in neutral zone.
5:06 of 2nd period - Wrist shot by Greg Mauldin.
5:06 of 2nd period - Shot Blocked by Bobby Sanguinetti.
5:08 of 2nd period - Slapshot by Jordan Hendry.
5:08 of 2nd period - Deflect By Vernon Fiddler.
5:08 of 2nd period - Stopped by Erik Ersberg with a rebound.
5:25 of 2nd period - Wrist shot by Petr Pohl.
5:25 of 2nd period - Shot Misses the Net.
5:49 of 2nd period - Snap shot by Vernon Fiddler.
5:49 of 2nd period - Deflect By Philip Samuelsson.
5:49 of 2nd period - Shot Misses the Net.
5:49 of 2nd period - Puck is out of play.
5:50 of 2nd period - Greg Mauldin wins face-off versus Mikael Granlund in Tamiflu zone.
6:03 of 2nd period - Snap shot by Robert Dome.
6:03 of 2nd period - Shot Blocked by Mikael Granlund.
6:15 of 2nd period - Snap shot by Petr Pohl.
6:15 of 2nd period - Stopped by Erik Ersberg with a rebound.
6:29 of 2nd period - Jamie Arniel is hit by Jeremy Williams and loses puck.
6:40 of 2nd period - Jeremy Welsh is hit by Jan Mursak and loses puck.
6:45 of 2nd period - Snap shot by Jan Mursak.
6:45 of 2nd period - Goal by Jan Mursak - Carnivores : 2 - Tamiflu : 4.
6:45 of 2nd period - Antti Raanta enters game.
6:46 of 2nd period - Greg Mauldin wins face-off versus Steve Begin in neutral zone.
7:11 of 2nd period - Chris Lawrence is hit by Jamie Arniel.
7:36 of 2nd period - Stefan Elliott is hit by Lane MacDermid and loses puck.
8:31 of 2nd period - Icing by David Schlemko.
8:32 of 2nd period - Jamie Arniel wins face-off versus Anton Gustafsson in Carnivores zone.
9:23 of 2nd period - Snap shot by Steve Begin.
9:23 of 2nd period - Shot Misses the Net.
9:32 of 2nd period - Wrist shot by Jeremy Williams.
9:32 of 2nd period - Shot Misses the Net.
10:02 of 2nd period - Jamie Arniel is hit by Sasha Pokulok and loses puck.
10:33 of 2nd period - Slapshot by Jan Mursak.
10:33 of 2nd period - Stopped by Antti Raanta with a rebound.
10:51 of 2nd period - Slapshot by Rich Clune.
10:51 of 2nd period - Shot Misses the Net.
10:53 of 2nd period - Slapshot by Stefan Elliott.
10:53 of 2nd period - Shot Blocked by Brendan Gallagher.
10:57 of 2nd period - Snap shot by Garrett Wilson.
10:57 of 2nd period - Stopped by Antti Raanta with a rebound.
10:59 of 2nd period - Wrist shot by Casey Wellman.
10:59 of 2nd period - Stopped by Antti Raanta with a rebound.
11:13 of 2nd period - Snap shot by Robert Dome.
11:13 of 2nd period - Shot Blocked by Steve Begin.
11:13 of 2nd period - Steve Begin from Carnivores is injured at 11:13 of 2nd period (Back Spasms).
11:14 of 2nd period - Vernon Fiddler wins face-off versus Greg Mauldin in Carnivores zone.
11:23 of 2nd period - Nino Niederreiter is hit by Vernon Fiddler and loses puck.
11:28 of 2nd period - Slapshot by Jeremy Williams.
11:28 of 2nd period - Stopped by Thomas Greiss with a rebound.
11:40 of 2nd period - Sasha Pokulok is hit by Mattias Tedenby and loses puck.
12:16 of 2nd period - Icing by Colton Orr.
12:17 of 2nd period - Mikael Granlund wins face-off versus Robert Dome in Carnivores zone.
12:24 of 2nd period - Snap shot by Lane MacDermid.
12:24 of 2nd period - Shot Misses the Net.
12:32 of 2nd period - Slapshot by Mikael Granlund.
12:32 of 2nd period - Shot Misses the Net.
12:47 of 2nd period - Snap shot by Mikael Granlund.
12:47 of 2nd period - Stopped by Thomas Greiss without a rebound.
12:48 of 2nd period - Mark McNeill wins face-off versus Jamie Arniel in Tamiflu zone.
13:22 of 2nd period - Slapshot by Bobby Sanguinetti.
13:22 of 2nd period - Stopped by Thomas Greiss with a rebound.
13:32 of 2nd period - Slapshot by Vernon Fiddler.
13:32 of 2nd period - Shot Misses the Net.
13:34 of 2nd period - Wrist shot by Vernon Fiddler.
13:34 of 2nd period - Stopped by Thomas Greiss with a rebound.
13:36 of 2nd period - Wrist shot by Brendan Gallagher.
13:36 of 2nd period - Stopped by Thomas Greiss without a rebound.
13:37 of 2nd period - Lucas Lessio wins face-off versus Mikael Granlund in Tamiflu zone.
14:08 of 2nd period - Backhand shot by Jeremy Williams.
14:08 of 2nd period - Deflect By Vernon Fiddler.
14:08 of 2nd period - Shot Hit the Post.
14:08 of 2nd period - Puck is out of play.
14:09 of 2nd period - Jeremy Williams wins face-off versus Greg Mauldin in Tamiflu zone.
14:14 of 2nd period - Snap shot by Jeremy Williams.
14:14 of 2nd period - Goal by Jeremy Williams - Carnivores : 3 - Tamiflu : 4.
14:15 of 2nd period - Vernon Fiddler wins face-off versus Greg Mauldin in neutral zone.
14:28 of 2nd period - Snap shot by Vernon Fiddler.
14:28 of 2nd period - Stopped by Thomas Greiss without a rebound.
14:29 of 2nd period - Vernon Fiddler wins face-off versus Jamie Arniel in Tamiflu zone.
14:40 of 2nd period - Wrist shot by Jeremy Williams.
14:40 of 2nd period - Stopped by Thomas Greiss without a rebound.
14:41 of 2nd period - Vernon Fiddler wins face-off versus Greg Mauldin in Tamiflu zone.
14:50 of 2nd period - Wrist shot by Robert Dome.
14:50 of 2nd period - Shot Blocked by Vernon Fiddler.
15:24 of 2nd period - Wrist shot by Petr Pohl.
15:24 of 2nd period - Shot Blocked by Chris Lawrence.
15:39 of 2nd period - Jeremy Welsh is hit by Jan Mursak and loses puck.
16:02 of 2nd period - Wrist shot by Mikael Granlund.
16:02 of 2nd period - Shot Misses the Net.
17:04 of 2nd period - Snap shot by Brendan Gallagher.
17:04 of 2nd period - Goal by Brendan Gallagher - Carnivores : 4 - Tamiflu : 4.
17:05 of 2nd period - Jeremy Williams wins face-off versus Greg Mauldin in neutral zone.
17:47 of 2nd period - Minor Penalty to Petr Pohl for Boarding.
17:48 of 2nd period - Vernon Fiddler wins face-off versus Jan Mursak in Tamiflu zone.
17:49 of 2nd period - Wrist shot by Jeremy Williams.
17:49 of 2nd period - Stopped by Thomas Greiss with a rebound.
17:51 of 2nd period - Slapshot by Sasha Pokulok.
17:51 of 2nd period - Stopped by Thomas Greiss without a rebound.
17:52 of 2nd period - Jan Mursak wins face-off versus Mark McNeill in Tamiflu zone.
18:21 of 2nd period - Wrist shot by Chris Lawrence.
18:21 of 2nd period - Stopped by Thomas Greiss without a rebound.
18:22 of 2nd period - Vernon Fiddler wins face-off versus Jan Mursak in Tamiflu zone.
19:06 of 2nd period - Minor Penalty to Sasha Pokulok for Hooking.
19:07 of 2nd period - Vernon Fiddler wins face-off versus Robert Dome in Carnivores zone.
19:12 of 2nd period - Slapshot by Bobby Sanguinetti.
19:12 of 2nd period - Stopped by Thomas Greiss without a rebound.
19:13 of 2nd period - Vernon Fiddler wins face-off versus Robert Dome in Tamiflu zone.
19:47 of 2nd period - Penalty to Petr Pohl is over, Petr Pohl is back on ice.
Goals for this period are 3 for Carnivores vs 2 for Tamiflu.
Shots for this period are 18 for Carnivores vs 11 for Tamiflu.
3rd period
0:01 of 3rd period - Greg Mauldin wins face-off versus Vernon Fiddler in neutral zone.
0:08 of 3rd period - Wrist shot by Petr Pohl.
0:08 of 3rd period - Goal by Petr Pohl - Carnivores : 4 - Tamiflu : 5.
0:09 of 3rd period - Vernon Fiddler wins face-off versus Greg Mauldin in neutral zone.
0:12 of 3rd period - Slapshot by Bobby Sanguinetti.
0:12 of 3rd period - Shot Blocked by Philip Samuelsson.
0:27 of 3rd period - Icing by Jordan Hendry.
0:28 of 3rd period - Anton Gustafsson wins face-off versus Greg Mauldin in Tamiflu zone.
0:31 of 3rd period - Snap shot by Chris Lawrence.
0:31 of 3rd period - Shot Blocked by Philip Samuelsson.
0:40 of 3rd period - Icing by Jordan Hendry.
0:41 of 3rd period - Vernon Fiddler wins face-off versus Greg Mauldin in Tamiflu zone.
1:16 of 3rd period - Snap shot by Robert Dome.
1:16 of 3rd period - Deflect By Nino Niederreiter.
1:16 of 3rd period - Shot Misses the Net.
1:16 of 3rd period - Puck is out of play.
1:17 of 3rd period - Vernon Fiddler wins face-off versus Jamie Arniel in Carnivores zone.
1:28 of 3rd period - Wrist shot by Jeremy Williams.
1:28 of 3rd period - Shot Misses the Net.
1:30 of 3rd period - Wrist shot by Jeremy Williams.
1:30 of 3rd period - Shot Blocked by Justin Braun.
2:15 of 3rd period - Wrist shot by Jan Mursak.
2:15 of 3rd period - Stopped by Antti Raanta without a rebound.
2:16 of 3rd period - Vernon Fiddler wins face-off versus Greg Mauldin in Carnivores zone.
2:22 of 3rd period - Off-side.
2:23 of 3rd period - Vernon Fiddler wins face-off versus Greg Mauldin in neutral zone.
3:11 of 3rd period - Icing by Lane MacDermid.
3:12 of 3rd period - Mikael Granlund wins face-off versus Colin Greening in Carnivores zone.
3:19 of 3rd period - Slapshot by Mikael Granlund.
3:19 of 3rd period - Stopped by Thomas Greiss without a rebound.
3:20 of 3rd period - Vernon Fiddler wins face-off versus Greg Mauldin in Tamiflu zone.
3:23 of 3rd period - Slapshot by Vernon Fiddler.
3:23 of 3rd period - Shot Blocked by Stefan Elliott.
3:27 of 3rd period - Slapshot by Vernon Fiddler.
3:27 of 3rd period - Stopped by Thomas Greiss with a rebound.
3:50 of 3rd period - Minor Penalty to Mattias Tedenby for Interference.
3:51 of 3rd period - Jan Mursak wins face-off versus Vernon Fiddler in Tamiflu zone.
5:20 of 3rd period - Slapshot by Jamie Arniel.
5:20 of 3rd period - Goal by Jamie Arniel - Carnivores : 4 - Tamiflu : 6.
5:21 of 3rd period - Jan Mursak wins face-off versus Vernon Fiddler in neutral zone.
5:48 of 3rd period - Philip Samuelsson is hit by Anton Gustafsson and loses puck.
5:50 of 3rd period - Penalty to Mattias Tedenby is over, Mattias Tedenby is back on ice.
6:25 of 3rd period - Slapshot by Brendan Gallagher.
6:25 of 3rd period - Stopped by Thomas Greiss with a rebound.
6:27 of 3rd period - Slapshot by Mat Clark.
6:27 of 3rd period - Shot Blocked by Philip Samuelsson.
6:29 of 3rd period - Slapshot by Nate Schmidt.
6:29 of 3rd period - Shot Misses the Net.
6:54 of 3rd period - Icing by Nate Schmidt.
6:55 of 3rd period - Colin Greening wins face-off versus Vernon Fiddler in Carnivores zone.
7:28 of 3rd period - Icing by Frederic St-Denis.
7:29 of 3rd period - Anton Gustafsson wins face-off versus Greg Mauldin in Carnivores zone.
7:50 of 3rd period - Snap shot by Anton Gustafsson.
7:50 of 3rd period - Stopped by Thomas Greiss with a rebound.
7:52 of 3rd period - Slapshot by Frederic St-Denis.
7:52 of 3rd period - Stopped by Thomas Greiss with a rebound.
7:54 of 3rd period - Slapshot by Frederic St-Denis.
7:54 of 3rd period - Stopped by Thomas Greiss with a rebound.
7:56 of 3rd period - Snap shot by Frederic St-Denis.
7:56 of 3rd period - Stopped by Thomas Greiss without a rebound.
7:57 of 3rd period - Jamie Arniel wins face-off versus Vernon Fiddler in Tamiflu zone.
8:08 of 3rd period - Wrist shot by Vernon Fiddler.
8:08 of 3rd period - Shot Misses the Net.
8:10 of 3rd period - Wrist shot by Sasha Pokulok.
8:10 of 3rd period - Stopped by Thomas Greiss without a rebound.
8:11 of 3rd period - Greg Mauldin wins face-off versus Vernon Fiddler in Tamiflu zone.
8:46 of 3rd period - Backhand shot by Jamie Arniel.
8:46 of 3rd period - Stopped by Antti Raanta without a rebound.
8:47 of 3rd period - Greg Mauldin wins face-off versus Anton Gustafsson in Carnivores zone.
10:21 of 3rd period - Snap shot by Greg Mauldin.
10:21 of 3rd period - Deflect By Nino Niederreiter.
10:21 of 3rd period - Shot Misses the Net.
10:21 of 3rd period - Puck is out of play.
10:22 of 3rd period - Jamie Arniel wins face-off versus Vernon Fiddler in Carnivores zone.
10:29 of 3rd period - Wrist shot by Jamie Arniel.
10:29 of 3rd period - Stopped by Antti Raanta with a rebound.
10:37 of 3rd period - Slapshot by David Schlemko.
10:37 of 3rd period - Stopped by Thomas Greiss without a rebound.
10:38 of 3rd period - Greg Mauldin wins face-off versus Anton Gustafsson in Tamiflu zone.
11:03 of 3rd period - Jordan Hendry is hit by Mikael Granlund.
11:07 of 3rd period - Wrist shot by Mattias Tedenby.
11:07 of 3rd period - Shot Misses the Net.
11:15 of 3rd period - Petr Pohl is hit by Bobby Sanguinetti and loses puck.
12:04 of 3rd period - Nate Schmidt is hit by Greg Mauldin and loses puck.
12:09 of 3rd period - Snap shot by Robert Dome.
12:09 of 3rd period - Shot Misses the Net.
12:11 of 3rd period - Wrist shot by Greg Mauldin.
12:11 of 3rd period - Shot Misses the Net.
12:13 of 3rd period - Wrist shot by Robert Dome.
12:13 of 3rd period - Stopped by Antti Raanta without a rebound.
12:14 of 3rd period - Jamie Arniel wins face-off versus Anton Gustafsson in Carnivores zone.
12:17 of 3rd period - Snap shot by Jamie Arniel.
12:17 of 3rd period - Shot Misses the Net.
12:49 of 3rd period - David Schlemko is hit by Philip Samuelsson.
13:03 of 3rd period - Snap shot by Jan Mursak.
13:03 of 3rd period - Shot Misses the Net.
13:35 of 3rd period - Nate Schmidt is hit by Petr Pohl and loses puck.
13:44 of 3rd period - Slapshot by Jordan Hendry.
13:44 of 3rd period - Deflect By Zack Smith.
13:44 of 3rd period - Stopped by Antti Raanta with a rebound.
13:55 of 3rd period - Minor Penalty to Robert Dome for Cross-checking.
13:56 of 3rd period - Vernon Fiddler wins face-off versus Jan Mursak in Tamiflu zone.
14:22 of 3rd period - Nathan Oystrick is hit by Sasha Pokulok and loses puck.
15:37 of 3rd period - Lane MacDermid is hit by Petr Pohl and loses puck.
15:55 of 3rd period - Penalty to Robert Dome is over, Robert Dome is back on ice.
16:45 of 3rd period - Philip Samuelsson is hit by Lane MacDermid and loses puck.
17:36 of 3rd period - Bobby Sanguinetti is hit by Greg Mauldin and loses puck.
18:44 of 3rd period - Minor Penalty to Adam Larsson for Tripping.
18:45 of 3rd period - Vernon Fiddler wins face-off versus Jan Mursak in Tamiflu zone.
19:13 of 3rd period - Off-side.
19:14 of 3rd period - Petr Pohl wins face-off versus Vernon Fiddler in neutral zone.
19:17 of 3rd period - Backhand shot by Nathan Oystrick.
19:17 of 3rd period - Shot Misses the Net.
19:37 of 3rd period - Nino Niederreiter is hit by Anton Gustafsson and loses puck.
19:42 of 3rd period - Slapshot by Chris Lawrence.
19:42 of 3rd period - Stopped by Thomas Greiss with a rebound.
19:44 of 3rd period - Wrist shot by Sasha Pokulok.
19:44 of 3rd period - Shot Blocked by Nathan Oystrick.
19:46 of 3rd period - Wrist shot by Anton Gustafsson.
19:46 of 3rd period - Stopped by Thomas Greiss with a rebound.
Goals for this period are 0 for Carnivores vs 2 for Tamiflu.
Shots for this period are 11 for Carnivores vs 7 for Tamiflu.
Back to the Top